 Dungeon Crawl Stone Soup version 0.31.0-11-ge490571c62 (webtiles) character file.

Game seed: 12058661994194276079

212 qw the Skirmisher (level 5, 0/29 HPs)
             Began as a Deep Elf Hunter on Feb 4, 2024.
             Killed by nerve-wracking pain
             ... invoked by an orc priest
              (8 damage)
             ... on level 3 of the Dungeon.
             The game lasted 00:00:09 (2527 turns).

qw the Skirmisher (Deep Elf Hunter)                 Turns: 2527, Time: 00:00:10

Health: 0/29       AC:  7    Str: 10      XL:     5   Next: 58%
Magic:  7/7        EV:  9    Int: 12 (14) God:
Gold:   122        SH:  0    Dex: 15 (18) Spells: 4/4 levels left

rFire   . . .        a - +0 shortbow
rCold   . . .        (shield currently unavailable)
rNeg    . . .        b - +0 scale mail
rPois   .            (no helmet)
rElec   .            (no cloak)
rCorr   .            (no gloves)
SInv    .            e - +0 pair of boots
Will    .....        (no amulet) Stlth
                     (no ring)
HPRegen 0.24/turn    (no ring)
MPRegen 0.10/turn

%: no passive effects
@: no status effects
A: no striking features
a: no special abilities


You were on level 3 of the Dungeon.
You visited 1 branch of the dungeon, and saw 3 of its levels.

You collected 122 gold pieces.


   Skills:
 - Level 1.5 Fighting
 + Level 8.9 Ranged Weapons
 - Level 1.0 Armour
 - Level 2.4 Dodging
 - Level 1.2 Stealth


You had 4 spell levels left.
You didn't know any spells.
Your spell library was empty.

Inventory:

Hand Weapons
 a - a +0 shortbow (weapon)
Armour
 b - a +0 scale mail (worn)
 e - a +0 pair of boots (worn)
Scrolls
 c - a scroll of teleportation {unknown}
 g - a scroll of amnesia {unknown}
 k - a scroll of enchant armour {unknown}
 l - a scroll of enchant weapon {unknown}
Potions
 d - a potion of enlightenment
 f - a potion of curing {unknown}
 h - a potion of heal wounds {unknown}
 i - a potion of magic {unknown}
 j - a potion of cancellation {unknown}

Dungeon Overview and Level Annotations

Branches:
Dungeon (3/15)

Altars:


Message History

The arrow completely misses the orc priest.
The arrow barely misses the kobold.
You shoot an arrow. The arrow closely misses the adder.
The arrow hits the orc priest.
The orc priest is lightly wounded.
The adder bites you. The adder bites you but does no damage.
You shoot an arrow. The arrow hits the adder.
The adder is lightly wounded.
The adder bites you.
The orc priest looks braver for a moment.
The adder barely misses you.
You shoot an arrow. The arrow hits the adder.
The adder is severely wounded.
The adder bites you but does no damage. The orc priest barely misses you.
You shoot an arrow. The arrow closely misses the adder.
The adder bites you but does no damage. x2; The orc priest barely misses you.
You shoot an arrow. The arrow closely misses the adder.
The adder bites you.
The orc priest hits you but does no damage.
The adder bites you but does no damage.
You shoot an arrow. The arrow hits the adder.
You kill the adder!
The orc priest hits you with a +0 dagger. x2
The kobold hits you but does no damage.
You feel your strength returning.
You shoot an arrow. The arrow barely misses the orc priest.
The orc priest hits you with a +0 dagger.
The kobold closely misses you.
You shoot an arrow.
The arrow closely misses the orc priest.
The orc priest closely misses you. The kobold hits you but does no damage.
You shoot an arrow. The arrow hits the orc priest.
The orc priest is heavily wounded.
The orc priest closely misses you. The kobold barely misses you.
You shoot an arrow.
The arrow hits the orc priest but does no damage.
The orc priest is heavily wounded.
The orc priest mumbles some strange prayers to Beogh against you.
Pain shoots through your body!
You die...

... .).. #. .... #.. ...
... ..######.#...
#.......#... #.K)......#
#.o@......##
###..##....## .
##.....#..#
....####...#.##.#######
#...................##
#.####.#...##.#####.##
#.#....#.### #..# #..
###...##.....####..
#.#......#######...###..


You could see an orc priest and a kobold.

Vanquished Creatures
  An orc priest (D:3)
  Terence (D:2)
  8 adders
  A dart slug (D:2)
  A ribbon worm (D:3)
  An orc (D:3)
  11 ball pythons
  8 endoplasms
  2 giant cockroaches (D:2)
  9 goblins
  7 hobgoblins
  6 jackals (D:1)
  3 quokkas
  6 bats
  2 frilled lizards
  6 kobolds
  6 rats
79 creatures vanquished.

Notes
Turn   | Place    | Note
-------+----------+-------------------------------------------
     0 | D:1      | qw the Deep Elf Hunter began the quest for the Orb.
     0 | D:1      | Reached XP level 1. HP: 12/12 MP: 3/3
     0 | D:1      | 0 ||| qw: Version: 0.3-a-160-g6735b56
     0 | D:1      | 0 ||| qw: Game counter: 4335
     0 | D:1      | 0 ||| qw: Melee chars always use a shield: true
     0 | D:1      | 0 ||| qw: God list: Okawaru
     0 | D:1      | 0 ||| qw: Allow faded altars: false
     0 | D:1      | 0 ||| qw: Do Orc after clearing Dungeon:15 true
     0 | D:1      | 0 ||| qw: Do second Lair branch before Depths: true
     0 | D:1      | 0 ||| qw: Lair rune preference: random
     0 | D:1      | 0 ||| qw: Goals: Normal
     0 | D:1      | 0 ||| PLANNING D:1-11
   167 | D:1      | Reached skill level 6 in Ranged Weapons
   167 | D:1      | Reached XP level 2. HP: 16/16 MP: 4/4
   532 | D:1      | Found a faded altar of an unknown god.
   590 | D:1      | Reached XP level 3. HP: 20/20 MP: 5/5
   828 | D:1      | 828 ||| UPGRADING to +0 pair of boots.
   833 | D:1      | 833 ||| READING scroll labelled FETTIO TUULADGH.
   934 | D:1      | 934 ||| READING scroll labelled JORODGH ZOZIH.
   934 | D:1      | 934 ||| IDENTIFYING bubbling white potion
   935 | D:1      | 935 ||| DROPPING scroll of butterflies.
   936 | D:1      | 936 ||| DROPPING potion of berserk rage.
  1102 | D:2      | Noticed Terence
  1114 | D:2      | Reached skill level 7 in Ranged Weapons
  1131 | D:2      | Killed Terence
  1132 | D:2      | Reached XP level 4. HP: 11/25 MP: 6/6
  1488 | D:2      | 1488 ||| FLEEEEING.
  1489 | D:2      | 1489 ||| FLEEEEING.
  1490 | D:2      | 1490 ||| FLEEEEING.
  1491 | D:2      | 1491 ||| FLEEEEING.
  1493 | D:2      | 1493 ||| FLEEEEING.
  1494 | D:2      | 1494 ||| FLEEEEING.
  1495 | D:2      | 1495 ||| FLEEEEING.
  1883 | D:2      | 1883 ||| UPGRADING to +0 scale mail.
  1893 | D:2      | 1893 ||| DROPPING +0 leather armour.
  1894 | D:2      | 1894 ||| READING scroll of identify.
  1894 | D:2      | 1894 ||| IDENTIFYING red potion
  1895 | D:2      | 1895 ||| READING scroll labelled MOAREF AZXICEKHLA.
  1941 | D:2      | 1941 ||| DRINKING 2 fizzy dark potions.
  1942 | D:2      | 1942 ||| DROPPING potion of degeneration.
  1970 | D:3      | 1970 ||| STAIRDANCE
  1973 | D:2      | Reached skill level 8 in Ranged Weapons
  2053 | D:3      | Reached skill level 1 in Armour
  2094 | D:3      | Reached XP level 5. HP: 29/29 MP: 7/7
  2524 | D:3      | HP: 7/29 [orc priest/+0 dagger (4)]
  2527 | D:3      | Killed from afar by an orc priest

Levels and vault maps discovered:
D:1:      minmay_arrival_semitransparent, layout_loops_corners,
          dreamdust_ecumenical_altar_grove
D:2:      layout_loops_corners, uniq_terence
D:3:      minmay_spotlight, layout_rooms, minivault_19

Skill      XL: |  1  2  3  4 |
---------------+-------------+-----
Ranged Weapons | 6 7 8 |  8.9
Armour         | 1 |  1.0
Fighting       | |  1.5
Dodging        | |  2.4
Stealth        | |  1.2

Action                     |  1- 3 |  4- 6 || total
---------------------------+-------+-------++-------
   Fire: Shortbow          |   126 |   169 ||   295
    Use: Scroll            |     2 |     2 ||     4
         Potion            |       |     1 ||     1
 Armour: Leather armour    |    35 |    19 ||    54
         Scale mail        |       |    78 ||    78
  Dodge: Dodged            |    55 |    61 ||   116

Table legend:
 A = Non-vault XP
 B = Vault XP
 C = Vault XP percentage of total XP
 D = Non-vault monster count
 E = Vault monster count
 F = Vault count percentage of total count
                 A         B        C        D         E       F
            +---------+---------+-------+---------+---------+-------
      Total |     237 |      66 |  21.8 |      74 |       5 |   6.3
            +---------+---------+-------+---------+---------+-------
        D:1 |      49 |       0 |   0.0 |      29 |       0 |   0.0
        D:2 |      76 |      36 |  32.1 |      22 |       1 |   4.3
        D:3 |     112 |      30 |  21.1 |      23 |       4 |  14.8
            +---------+---------+-------+---------+---------+-------
